 Dungeon Crawl Stone Soup version 0.31.0-32-g396128a36d (webtiles) character file.

Game seed: 42369934131622529

2356 PaiMei the Merchant of Misery (level 9, -1/69 HPs)
             Began as a Demonspawn Necromancer on Mar 26, 2024.
             Was a Believer of Kikubaaqudgha.
             Slain by Maurice
             ... wielding a +2 dagger of flaming
              (4 damage)
             ... on level 7 of the Dungeon.
             The game lasted 00:14:16 (9115 turns).

PaiMei the Merchant of Misery (DsNe)                Turns: 9115, Time: 00:14:17

Health: -1/69      AC:  5    Str:  8    XL:     9   Next: 20%
Magic:  5/17       EV: 19    Int: 20    God:    Kikubaaqudgha [**....]
Gold:   0          SH:  0    Dex: 14    Spells: 15/19 levels left

rFire   . . .        F - +2 hand axe (venom)
rCold   . . .        (no shield)
rNeg    . . .        a - +0 robe
rPois   .            (helmet restricted)
rElec   .            (no cloak)
rCorr   .            f - +2 pair of gloves
SInv    .            (no boots)
Will    .....        (no amulet)
Stlth   ++           o - +5 ring of evasion
HPRegen 0.31/turn    (no ring)
MPRegen 0.15/turn

%: no passive effects
@: no status effects
A: horns 1, powered by death 1, demonic magic 1
a: Renounce Religion, Unearth Wretches


You were on level 7 of the Dungeon.
You worshipped Kikubaaqudgha.
Kikubaaqudgha was pleased with you.
You visited 2 branches of the dungeon, and saw 8 of its levels.
You also visited: Ossuary.

Inventory:

Hand Weapons
 F - a +2 hand axe of venom (weapon)
Armour
 a - a +0 robe (worn)
 f - a +2 pair of gloves (worn)
 C - the +5 ring mail of Vehumet's Inspiration {Rampage Int+2}
   (You found it on level 5 of the Dungeon)

   Int+2:     It affects your intelligence (+2).
   Rampage:   It bestows one free step when moving towards enemies.
Jewellery
 o - a +5 ring of evasion (left hand)
Wands
 m - a wand of polymorph (13)
 t - a wand of paralysis (10)
Scrolls
 c - a scroll of vulnerability {unknown}
 e - 5 scrolls of blinking {unknown}
 i - a scroll of brand weapon {unknown}
 j - 5 scrolls of identify {unknown}
 l - a scroll of fear {unknown}
 n - a scroll of fog {unknown}
 q - 2 scrolls of poison {unknown}
 s - a scroll of immolation {unknown}
 u - a scroll of amnesia {unknown}
 v - a scroll of enchant weapon {unknown}
 x - 2 scrolls of teleportation {unknown}
 y - a scroll of butterflies {unknown}
 H - a scroll of noise {unknown}
 I - a scroll of silence {unknown}
Potions
 b - 4 potions of magic
 g - 3 potions of attraction {unknown}
 h - 7 potions of curing {unknown}
 k - a potion of resistance {unknown}
 p - 3 potions of degeneration {unknown}
 r - 2 potions of mutation {unknown}
 w - a potion of brilliance {unknown}
 z - a potion of lignification {unknown}
 A - 2 potions of might {unknown}
 B - a potion of heal wounds {unknown}
 E - a potion of berserk rage {unknown}
 G - a potion of invisibility {unknown}


   Skills:
 + Level 5.9 Fighting
 + Level 5.9 Dodging
 - Level 2.0 Stealth
 + Level 5.9 Spellcasting
 + Level 8.1 Necromancy


You had 15 spell levels left.
You knew the following spells:

 Your Spells              Type           Power      Damage    Failure   Level
a - Necrotise             Necr           100%       1d9       1%          1
b - Vampiric Draining     Necr           38%        2d8       1%          3

Your spell library contained the following spells:

 Spells                   Type           Power      Damage    Failure   Level
 Kiss of Death            Conj/Necr      88%        2d12      1%          1
 Sublimation of Blood     Necr           38%        N/A       1%          2
 Fugue of the Fallen      Necr           38%        N/A       1%          3
 Animate Dead             Necr           38%        N/A       3%          4
 Curse of Agony           Necr           38%        N/A       11%         5
 Ensorcelled Hibernation  Hex/Ice        10%        N/A       16%         2
 Jinxbite                 Hex            10%        N/A       16%         2
 Anguish                  Hex/Necr       11%        N/A       21%         4
 Tukima's Dance           Hex            5%         N/A       32%         3
 Passage of Golubria      Tloc           5%         N/A       71%         4
 Yara's Violent Unravell  Hex/Alch       2%         3d3       96%         5
 Enfeeble                 Hex            2%         N/A       100%        7


Dungeon Overview and Level Annotations

Branches:
Dungeon (7/15)             Temple (1/1) D:4         Ossuary (visited)

Altars:
Ashenzari
Dithmenos
Fedhas
Gozag
Hepliaklqana
Kikubaaqudgha
Makhleb
Okawaru
Qazlal
Ru
Sif Muna
Trog
Uskayaw
Vehumet
Wu Jian
Xom
Yredelemnul

Shops:
D:1 (

Annotations:
D:3 2 transporters
D:7 Maurice


Innate Abilities, Weirdness & Mutations

You have a pair of small horns on your head.
You regenerate a little health from kills.
Spells you cast may paralyse adjacent enemies.


Message History

You barely miss something.
You hear a zap.
A bolt of light appears from out of thin air!
The bolt of light hits you!!
You are confused.
Something hits you but does no damage. Something bites you.
You feel your power leaking away. Something drains your magic.
You're too confused to move!
You feel less confused. Something barely misses you. Something bites you.
You feel your power leaking away. Something drains your magic.
Something hits you!
* * * LOW HITPOINT WARNING * * *
Something steals your +0 dagger of venom!
Something burns you.
* * * LOW HITPOINT WARNING * * *
Something bites you.
* * * LOW HITPOINT WARNING * * *
You feel your power leaking away. Something drains your magic.
You closely miss something. Your headbutt misses something.
Something barely misses you. Something misses you.
Aiming: Polymorph
Press: ? - help, Shift-Dir - straight line
Okay, then.
Aiming: Paralyse
Press: ? - help, Shift-Dir - straight line Nothing appears to happen.
Something hits you!
* * * LOW HITPOINT WARNING * * *
Something steals 250 gold pieces!
You now have 0 gold pieces.
Something burns you.
* * * LOW HITPOINT WARNING * * *
Something bites you but does no damage.
Aiming: Paralyse
Press: ? - help, Shift-Dir - straight line Nothing appears to happen.
Something hits you.
You die...
Kikubaaqudgha rasps: "You have failed me!
Welcome... death!"

### #######.#
........#
#######.########
#.....@{........
#.#####.#######.
#####
#........... ...#
#.##.#######
###.## . # #.#
#.....
.(..##.#######
#.#.##
#...........# ##
#.#
..............#.#
#.#
###...........#.#
#5#


There were no monsters in sight!

Vanquished Creatures
  Pikel (D:7)
  Sigmund (D:2)
  An acid dragon (D:7)
  A water moccasin (D:7)
  2 ice beasts
  4 lemures (D:7)
  4 phantoms
  A weeping skull (Ossuary)
  A gnoll sergeant (D:7)
  2 water moccasin zombies (Ossuary)
  2 hounds
  3 jellies
  2 orc priests
  5 iguanas
  Terence (D:2)
  A gnoll bouda (D:7)
  An orc wizard (D:7)
  2 crocodile zombies (Ossuary)
  3 mummies
  9 gnolls
  8 adders
  2 shadow imps
  2 white imps
  3 adder zombies (Ossuary)
  3 dart slugs
  A ribbon worm (D:4)
  13 orcs
  6 bats
  5 endoplasms
  5 giant cockroaches
  5 goblins
  2 hobgoblins
  11 jackals
  4 quokkas
  3 ball pythons
  3 frilled lizards (D:1)
  11 gnoll zombies (Ossuary)
  A goblin zombie (D:4)
  3 jackal zombies (Ossuary)
  7 kobolds
  4 orc zombies
  3 rats
152 creatures vanquished.

Vanquished Creatures (collateral kills)
  An endoplasm (D:1)
  2 goblins (D:1)
  A jackal (D:2)
  2 bats
6 creatures vanquished.

Vanquished Creatures (others)
  5 dream sheep (D:4)
5 creatures vanquished.

Grand Total: 163 creatures vanquished

Notes
Turn   | Place    | Note
-------+----------+-------------------------------------------
     0 | D:1      | PaiMei the Demonspawn Necromancer began the quest for the
                  | Orb.
     0 | D:1      | Reached XP level 1. HP: 13/13 MP: 3/3
   198 | D:1      | Gained mutation: You have a pair of small horns on your
                  | head. [demonic ancestry]
   198 | D:1      | Reached XP level 2. HP: 16/19 MP: 0/5
   436 | D:1      | Found Jocuymi's Antique Weapon Shoppe.
   638 | D:1      | Reached XP level 3. HP: 23/25 MP: 0/6
   642 | D:1      | Learned a level 3 spell: Vampiric Draining
  1210 | D:2      | Reached skill level 1 in Fighting
  1373 | D:2      | Gained mutation: Spells you cast may paralyse adjacent
                  | enemies. [demonic ancestry]
  1373 | D:2      | Reached XP level 4. HP: 32/32 MP: 2/7
  1641 | D:2      | Reached skill level 5 in Necromancy
  1707 | D:2      | Noticed Terence
  1771 | D:2      | Noticed Sigmund
  1993 | D:2      | Killed Sigmund
  1994 | D:2      | Reached XP level 5. HP: 39/39 MP: 1/9
  1994 | D:2      | Reached XP level 6. HP: 46/46 MP: 1/10
  2205 | D:2      | Killed Terence
  2872 | D:3      | Found a transporter.
  2987 | D:3      | Found a transporter.
  3262 | D:3      | Found an ancient bone altar of Kikubaaqudgha.
  3262 | D:3      | Found a faded altar of an unknown god.
  3270 | D:3      | Found a radiant altar of Vehumet.
  3273 | D:3      | Found a faded altar of an unknown god.
  3284 | D:3      | Became a worshipper of Kikubaaqudgha
  3738 | D:4      | Found a sand-covered staircase.
  3763 | Ossuary  | Entered an ossuary
  3980 | Ossuary  | Reached skill level 6 in Necromancy
  3980 | Ossuary  | Reached XP level 7. HP: 38/52 MP: 12/12
  4264 | Ossuary  | Reached * piety under Kikubaaqudgha
  4264 | Ossuary  | Received a gift from Kikubaaqudgha
  5073 | D:4      | Found a staircase to the Ecumenical Temple.
  5078 | Temple   | Entered the Ecumenical Temple
  5274 | D:4      | Noticed a dream sheep
  5274 | D:4      | Noticed a dream sheep
  5274 | D:4      | Noticed a dream sheep
  5274 | D:4      | Noticed a dream sheep
  5274 | D:4      | Noticed a dream sheep
  5274 | D:4      | Found a shimmering altar of Xom.
  5277 | D:4      | Killed a dream sheep
  5277 | D:4      | Killed a dream sheep
  5277 | D:4      | Killed a dream sheep
  5277 | D:4      | Killed a dream sheep
  5278 | D:4      | Killed a dream sheep
  5401 | D:5      | Entered Level 5 of the Dungeon
  5662 | D:5      | Identified the +5 ring mail of Vehumet's Inspiration
                  | {Rampage Int+2}
  6581 | D:5      | Gained mutation: You regenerate a little health from kills.
                  | [demonic ancestry]
  6581 | D:5      | Reached XP level 8. HP: 25/60 MP: 14/14
  7329 | D:7      | Reached skill level 7 in Necromancy
  7694 | D:7      | Reached skill level 5 in Spellcasting
  7746 | D:7      | Reached skill level 5 in Dodging
  7824 | D:7      | Reached skill level 5 in Fighting
  8184 | D:7      | Reached ** piety under Kikubaaqudgha
  8637 | D:7      | Noticed Pikel
  8959 | D:7      | Killed Pikel
  8960 | D:7      | Reached skill level 8 in Necromancy
  8960 | D:7      | Reached XP level 9. HP: 69/69 MP: 5/17
  9099 | D:7      | Noticed Maurice
  9103 | D:7      | Maurice stole 5 atropa-tipped darts
  9112 | D:7      | Something stole a +0 dagger of venom
  9114 | D:7      | Something stole 250 gold
  9114 | D:7      | HP: 3/69 [something (3)]
  9115 | D:7      | Slain by Maurice

Illustrated notes

Levels and vault maps discovered:
D:1:      dpeg_arrival_radiant, layout_rooms, serial_shops,
          nicolae_shop_advertising_works [nicolae_subvault_shop_adworks]
D:2:      layout_basic, minivault_24, uniq_terence, uniq_sigmund
D:3:      gammafunk_steamed_eel, layout_loops_ring,
          chequers_temple_overflow_minitemple
D:4:      layout_loops_corners, kb_xom_exploding_sheep,
          minmay_temple_entry_purple_smoke, nicolae_ossuary_entry_giza,
          guppyfry_early_lair_pool
D:5:      layout_cave_pods
D:6:      layout_gridville, mainiacjoe_overflow_24_doors, lemuel_doored_altar,
          kennysheep_mini
D:7:      layout_basic, uniq_pikel, uniq_crazy_yiuf_cottage, uniq_maurice
Temple:   nicolae_temple_no_exploring_needed

Skill      XL: |  1  2  3  4  5  6  7  8 |
---------------+-------------------------+-----
Stealth        | 2 |  2.0
Dodging        | 2 3 4 5 |  5.9
Fighting       | 1 2 3 4 5 |  5.9
Necromancy     | 5 6 8 |  8.1
Spellcasting   | 3 4 5 |  5.9

Action                     |  1- 3 |  4- 6 |  7- 9 || total
---------------------------+-------+-------+-------++-------
  Melee: Unarmed           |    22 |       |       ||    22
         Headbutt          |     4 |    30 |   116 ||   150
         Dagger            |     6 |   134 |   399 ||   539
         Punch             |       |     3 |     5 ||     8
         Hand axe          |       |       |    46 ||    46
   Cast: Necrotise         |    61 |    70 |    65 ||   196
         Vampiric Draining |       |     4 |    29 ||    33
  Evoke: Wand              |       |       |     2 ||     2
   Stab: Paralysed         |       |     2 |     8 ||    10
 Armour: Robe              |    29 |    33 |   188 ||   250
  Dodge: Dodged            |    46 |    80 |   343 ||   469
